 Dungeon Crawl Stone Soup version 0.30-a0-12-gd8047c6341 (webtiles) character file.

Game seed: 1721233894486290261

658 nickcage the Spear-Bearer (level 7, -1/59 HPs)
             Began as a Minotaur Abyssal Knight on Aug 23, 2022.
             Was an Elder of Lugonu.
             Slain by Pikel
             ... wielding a +1 whip of flaming
              (4 damage)
             ... on level 5 of the Dungeon.
             The game lasted 00:08:36 (4005 turns).

nickcage the Spear-Bearer (Minotaur Abyssal Knight) Turns: 4005, Time: 00:08:37

Health: -1/59      AC: 11    Str: 25    XL:     7   Next: 30%
Magic:  7/7        EV:  8    Int:  7    God:    Lugonu [****..]
Gold:   167        SH:  0    Dex: 11    Spells: 6/6 levels left

rFire   . . .      SeeInvis .    j - +0 glaive
rCold   . . .      Faith    .    (shield currently unavailable)
rNeg    . . .      Spirit   .    i - +0 chain mail
rPois   .          Reflect  .    (helmet restricted)
rElec   .          Harm     .    (no cloak)
rCorr   .          Rampage  .    l - +2 pair of gloves
Will    .....                    (no boots)
Stlth   ..........               (no amulet)
HPRegen 0.19/turn                m - +6 ring of strength
MPRegen 0.10/turn                (no ring)

@: no status effects
A: horns 2, retaliatory headbutt
a: Renounce Religion, Depart the Abyss, Bend Space, Banish, Corrupt


You were on level 5 of the Dungeon.
You worshipped Lugonu.
Lugonu was greatly pleased with you.
You visited 1 branch of the dungeon, and saw 5 of its levels.
You visited the Abyss 1 time.

You collected 167 gold pieces.

Inventory:

Hand Weapons
 a - a +1 mace
 j - a +0 glaive (weapon)
Missiles
 h - 3 silver javelins
 p - 3 boomerangs
 x - a throwing net
 B - 5 silver boomerangs (quivered)
Armour
 b - a +0 leather armour
 f - a +0 scale mail
 i - a +0 chain mail (worn)
 l - a +2 pair of gloves (worn)
Jewellery
 m - a +6 ring of strength (left hand)
 u - a ring of resist corrosion
Wands
 y - a wand of paralysis (5)
Scrolls
 c - 2 scrolls of vulnerability {unknown}
 e - a scroll of blinking {unknown}
 n - 4 scrolls of identify {unknown}
 q - a scroll of enchant armour {unknown}
 s - 2 scrolls of immolation {unknown}
 t - a scroll of butterflies {unknown}
 v - a scroll of noise {unknown}
 A - a scroll of teleportation {unknown}
 C - a scroll of summoning {unknown}
Potions
 d - a potion of heal wounds {unknown}
 g - 6 potions of curing {unknown}
 k - 2 potions of might {unknown}
 o - 3 potions of lignification {unknown}
 r - 2 potions of degeneration {unknown}
 w - a potion of invisibility {unknown}
 z - a potion of brilliance {unknown}


   Skills:
 - Level 4.0 Fighting
 - Level 3.9 Maces & Flails
 * Level 8.8 Polearms
 - Level 2.4 Armour
 - Level 1.1 Dodging
 - Level 1.7 Invocations


You had 6 spell levels left.
You didn't know any spells.
Your spell library contained the following spells:

 Spells                   Type           Power      Damage    Failure   Level
 Tukima's Dance           Hex            0%         N/A       100%        3
 Passage of Golubria      Tloc           0%         N/A       100%        4
 Yara's Violent Unravell  Hex/Tmut       0%         3d3       100%        5


Dungeon Overview and Level Annotations

Branches:
Dungeon (5/15)
 Temple: D:4-7

Altars:
Ashenzari
Fedhas
Makhleb
Vehumet

Annotations:
D:3 2 transporters, NinjaNoafa's ghost, amateur KoAM
D:5 Pikel


Innate Abilities, Weirdness & Mutations

You have a pair of horns on your head.
You reflexively headbutt those who attack you in melee.


Message History

The lemure hits you but does no damage. The phantom barely misses you.
You furiously retaliate!
You headbutt the phantom. The phantom hits you.
The lemure hits you but does no damage.
You closely miss the phantom.
The phantom is severely damaged.
The phantom hits you.
The phantom blinks!
You blink.
You slice the phantom!!
You destroy the phantom!
Lugonu accepts your kill. Pikel barely misses you. You furiously retaliate!
You headbutt Pikel, but do no damage. You barely miss Pikel.
Your headbutt misses Pikel. Pikel hits you but does no damage.
The lemure barely misses you. The lemure hits you!
You closely miss Pikel. The lemure hits you. x2
Pikel hits you with a +1 whip of flaming.
Pikel burns you. Pikel hits you but does no damage. The lemure hits you.
The lemure hits you!
* * * LOW HITPOINT WARNING * * *
You hit Pikel.
Pikel is lightly wounded.
Pikel hits you with a +1 whip of flaming.
* * * LOW HITPOINT WARNING * * *
Pikel burns you.
* * * LOW HITPOINT WARNING * * *
The lemure closely misses you. The lemure hits you but does no damage.
You closely miss Pikel. Your headbutt misses Pikel.
Pikel is lightly wounded.
Pikel hits you but does no damage. The lemure hits you.
* * * LOW HITPOINT WARNING * * *
The lemure hits you but does no damage.
You slash Pikel! Your headbutt misses Pikel.
Pikel is heavily wounded.
The lemure hits you but does no damage. x2
Pikel hits you with a +1 whip of flaming.
* * * LOW HITPOINT WARNING * * *
Pikel burns you.
* * * LOW HITPOINT WARNING * * *
Pikel hits you with a +1 whip of flaming.
You die...

#.##.# #.##.#
#.##.# #.##.#
#######
#.##.####.......
#...........>.#
#.######..###.#
#..5.# #..#
#..K@# #..#
#..5.# #..#
#.#.####>.#
#.#.# #...#
#.#.# #.#.#
#.#.# #.#.#
#.###.#.###.#
#............
#...>.........#


You could see Pikel and 2 lemures.

Vanquished Creatures
  A lemure (D:5)
  2 phantoms
  A necrophage (D:4)
  A bullfrog (D:4)
  3 hounds
  An orc priest (D:3)
  3 iguanas
  An orc wizard (D:3)
  3 gnolls (D:4)
  4 adders
  A worm (D:2)
  A dart slug (D:1)
  13 orcs
  6 ball pythons
  5 endoplasms
  3 giant cockroaches
  9 goblins
  9 hobgoblins
  9 kobolds
  3 quokkas
  2 bats
  9 frilled lizards
  5 rats
95 creatures vanquished.

Notes
Turn   | Place    | Note
-------+----------+-------------------------------------------
     0 | Abyss:1  | nickcage the Minotaur Abyssal Knight began the quest for
                  | the Orb.
     0 | Abyss:1  | Reached XP level 1. HP: 19/19 MP: 1/1
     1 | D:1      | Escaped the Abyss
   209 | D:1      | Reached XP level 2. HP: 22/26 MP: 2/2
   903 | D:2      | Reached XP level 3. HP: 33/33 MP: 3/3
  1057 | D:2      | Reached skill level 1 in Polearms
  1416 | D:2      | Reached *** piety under Lugonu
  1417 | D:2      | Reached skill level 2 in Polearms
  1898 | D:3      | Reached XP level 4. HP: 37/40 MP: 4/4
  1901 | D:3      | Reached skill level 3 in Polearms
  2446 | D:3      | Reached skill level 4 in Polearms
  2446 | D:3      | Reached XP level 5. HP: 40/46 MP: 5/5
  2653 | D:3      | Found a broken altar of Ashenzari.
  2855 | D:3      | Found a transporter.
  2857 | D:3      | Noticed NinjaNoafa's ghost (amateur KoAM)
  2859 | D:3      | Found a transporter.
  3047 | D:3      | Reached skill level 5 in Polearms
  3346 | D:4      | Reached skill level 6 in Polearms
  3346 | D:4      | Reached XP level 6. HP: 48/52 MP: 6/6
  3384 | D:4      | Found a radiant altar of Vehumet.
  3385 | D:4      | Found a blossoming altar of Fedhas.
  3459 | D:4      | Reached skill level 7 in Polearms
  3459 | D:4      | Reached **** piety under Lugonu
  3763 | D:4      | Reached XP level 7. HP: 59/59 MP: 7/7
  3769 | D:4      | Found a burning altar of Makhleb.
  3901 | D:5      | Entered Level 5 of the Dungeon
  3906 | D:5      | Reached skill level 8 in Polearms
  3992 | D:5      | Noticed Pikel
  4005 | D:5      | Slain by Pikel

Illustrated notes

Levels and vault maps discovered:
D:1:      lightli_arrival_maybe_door_vault, layout_loops_cross,
          chequers_serial_rivers_micro_b
D:2:      layout_basic, minmay_pentomino_s2
D:3:      layout_loops_cross, evilmike_ruin_ashenzari,
          gammafunk_ghost_mausoleum, minmay_distorted
D:4:      layout_basic, chequers_temple_overflow_statue_of_worship,
          mainiacjoe_overflow_alcove_4
D:5:      layout_loops_ring, minmay_manual_mandibuliform, uniq_pikel

Skill      XL: |  1  2  3  4  5  6  7 |
---------------+----------------------+-----
Maces & Flails | 3 |  3.9
Fighting       | 4 |  4.0
Polearms       | 2 4 6 7 8 |  8.8
Armour         | |  2.4
Dodging        | |  1.1
Invocations    | |  1.7

Action                   |  1- 3 |  4- 6 |  7- 9 || total
-------------------------+-------+-------+-------++-------
Melee: Mace              |    28 |       |       ||    28
       Headbutt          |    15 |    12 |     3 ||    30
       Glaive            |    58 |   115 |    28 ||   201
Armor: Scale mail        |     9 |       |       ||     9
       Leather armour    |     2 |       |       ||     2
       Chain mail        |    29 |    82 |    20 ||   131
Dodge: Dodged            |    35 |    58 |    10 ||   103

Table legend: (Time is in decaauts)
 A = Elapsed time spent in this place.
 B = Non-inter-level travel time spent in this place.
 C = Inter-level travel time spent in this place.
 D = Time resting spent in this place.
 E = Time spent auto-exploring this place.
 F = Levels seen in this place.
 G = Mean time per level.
                   A        B        C        D        E       F      G
               +--------+--------+--------+--------+--------+-----+--------+
         Total |   4105 |   3922 |    183 |    464 |   2755 |   6 |  684.2 |
       Dungeon |   4104 |   3921 |    183 |    464 |   2755 |   5 |  820.8 |
         Abyss |      1 |      1 |      0 |      0 |      0 |   1 |    1.0 |
               +--------+--------+--------+--------+--------+-----+--------+

Top non-repeatable levels by time:
     D:2: 1219 daAuts
     D:3: 1017 daAuts
     D:1: 896 daAuts
     D:4: 859 daAuts
     D:5: 111 daAuts
 Abyss:1: 1 daAuts
